 Dungeon Crawl Stone Soup version 0.31-a0-986-g5e6e4ef867 (webtiles) character file.

Game seed: 11027641954320679980

49 horus123 the Trooper (level 3, -4/36 HPs)
             Began as a Hill Orc Fighter on Nov 22, 2023.
             Slain by a gnoll
             ... wielding a +0 flail
              (6 damage)
             ... on level 2 of the Dungeon.
             The game lasted 00:01:48 (901 turns).

horus123 the Trooper (Hill Orc Fighter)              Turns: 901, Time: 00:01:49

Health: -4/36      AC: 10    Str: 20    XL:     3   Next: 77%
Magic:  3/3        EV:  7    Int:  8    God:
Gold:   54         SH:  4    Dex: 10    Spells: 2/2 levels left

rFire   + . .        a - +0 war axe
rCold   . . .        c - +0 buckler
rNeg    . . .        h - +0 chain mail
rPois   .            (no helmet)
rElec   .            n - +0 cloak
rCorr   +            (no gloves)
SInv    .            (no boots)
Will    .....        (no amulet) Stlth
                     e - ring of resist corrosion
HPRegen 0.26/turn    j - ring of protection from fire
MPRegen 0.08/turn

%: no passive effects
@: no status effects
A: no striking features
a: no special abilities


You were on level 2 of the Dungeon.
You visited 1 branch of the dungeon, and saw 2 of its levels.

You collected 54 gold pieces.

Inventory:

Hand Weapons
 a - a +0 war axe (weapon)
 l - a +4 whip of holy wrath
Armour
 b - a +0 scale mail
 c - a +0 buckler (worn)
 h - a +0 chain mail (worn)
 n - a +0 cloak (worn)
Jewellery
 e - a ring of resist corrosion (left hand)
 j - a ring of protection from fire (right hand)
Scrolls
 k - a scroll of amnesia
Potions
 d - a potion of might
 f - 2 potions of heal wounds {unknown}
 g - 4 potions of degeneration {unknown}
 i - 2 potions of invisibility {unknown}


   Skills:
 + Level 5.6 Fighting
 - Level 2.6 Axes
 - Level 3.2 Armour
 - Level 3.2 Shields


You had 2 spell levels left.
You didn't know any spells.
Your spell library was empty.

Dungeon Overview and Level Annotations

Branches:
Dungeon (2/15)

Altars:


Message History

You become entangled in the net!
You see here a throwing net.
You tear a large gash into the net.
The gnoll hits you with a +0 flail.
You struggle against the net.
The gnoll completely misses you. The gnoll hits you with a +0 flail.
You rip the net and break free!
You block the gnoll's attack. The gnoll hits you but does no damage.
The gnoll hits you with a +0 flail.
You slash the gnoll!
The gnoll is severely wounded.
You hit the gnoll. You closely miss the gnoll. You block the gnoll's attack.
The gnoll hits you with a +0 flail. You block the gnoll's attack.
The gnoll closely misses you.
You slash the gnoll!
You kill the gnoll!
You barely miss the gnoll. You hit the gnoll.
The gnoll hits you with a +0 flail! You block the gnoll's attack. x2
The gnoll hits you with a +1 whip of pain.
The gnoll hits you but does no damage.
You see here a +0 whip.
The gnoll hits you but does no damage. The gnoll completely misses you.
You block the gnoll's attack. The gnoll barely misses you.
You see here a +0 whip.
You barely miss the gnoll.
The gnoll is heavily wounded.
You closely miss the gnoll.
The gnoll hits you with a +1 whip of pain.
You writhe in agony.
The gnoll closely misses you.
You slash the gnoll!
You kill the gnoll!
You barely miss the gnoll. The gnoll closely misses you.
The gnoll hits you with a +0 flail.
Items here: )) ††.
You closely miss the gnoll.
The gnoll is moderately wounded.
The gnoll hits you with a +0 flail!
* * * LOW HITPOINT WARNING * * *
You barely miss the gnoll.
The gnoll is moderately wounded.
The gnoll hits you with a +0 flail.
You die...

#.####.# #.####.# ... ##
#......# ...! ..
##.###### ... .# ##
#...# ... ##.##..# #...#
#.# #......#. ##...####
#.# #........ ........#
#.###.###
........#####...@g..# #
................#.#.#<.#
#....######............#
...... #.......!...?#
...... #.........##.#
...P.. #.#...#.### .#
#+##... #.....#.# #
###.###.. #... ####


You could see a gnoll.

Vanquished Creatures
  3 gnolls (D:2)
  A dart slug (D:1)
  A bat (D:1)
  An endoplasm (D:1)
  A giant cockroach (D:1)
  2 goblins (D:1)
  3 hobgoblins (D:1)
  2 kobolds (D:1)
  4 ball pythons (D:1)
  A frilled lizard (D:1)
  A rat (D:1)
20 creatures vanquished.

Notes
Turn   | Place    | Note
-------+----------+-------------------------------------------
     0 | D:1      | horus123 the Hill Orc Fighter began the quest for the Orb.
     0 | D:1      | Reached XP level 1. HP: 19/19 MP: 1/1
    89 | D:1      | Reached skill level 4 in Fighting
    98 | D:1      | Reached XP level 2. HP: 27/27 MP: 2/2
   615 | D:1      | Found a faded altar of an unknown god.
   880 | D:2      | Reached skill level 5 in Fighting
   880 | D:2      | Reached XP level 3. HP: 36/36 MP: 3/3
   900 | D:2      | HP: 1/36 [gnoll/+0 flail (11)]
   901 | D:2      | Slain by a gnoll

Illustrated notes

Levels and vault maps discovered:
D:1:      roderic_dead_forest, layout_basic, basic_ecumenical_altar,
          hangedman_abyss_or_decor_stabs, chequers_decorated_corner
D:2:      layout_loops_cross, corexii_shack, kennysheep_generic_room_15

Skill      XL: |  1  2 |
---------------+-------+-----
Fighting       | 4 5 |  5.6
Axes           | |  2.6
Armour         | |  3.2
Shields        | |  3.2

Action                     || total
---------------------------++-------
  Melee: War axe           ||    46
    Use: Scroll            ||     2
 Armour: Scale mail        ||    11
         Chain mail        ||    30
  Dodge: Dodged            ||    17
  Block: Buckler           ||    14

Table legend: (Time is in decaauts)
 A = Elapsed time spent in this place.
 B = Non-inter-level travel time spent in this place.
 C = Inter-level travel time spent in this place.
 D = Time resting spent in this place.
 E = Time spent auto-exploring this place.
 F = Levels seen in this place.
 G = Mean time per level.
                   A        B        C        D        E       F      G
               +--------+--------+--------+--------+--------+-----+--------+
         Total |    918 |    905 |     13 |      0 |    719 |   2 |  459.0 |
       Dungeon |    918 |    905 |     13 |      0 |    719 |   2 |  459.0 |
               +--------+--------+--------+--------+--------+-----+--------+

Top non-repeatable levels by time:
     D:1: 859 daAuts
     D:2: 58 daAuts
